Kings vs Hurricanes

Created - January-15-14 at 17:53

Goals
1 2 3 T
Kings 2 0 1 3
Hurricanes 2 0 0 2
Shots
1 2 3 T
Kings 18 2 6 26
Hurricanes 7 10 9 26

1st period

1. Kings , Daniel Alfredsson 15 (Ryan Nugent-Hopkins, Mike Richards) at 4:36 (PP)
2. Hurricanes , Eric Staal 20 (Jack Hillen, Blake Wheeler) at 10:10
3. Hurricanes , James Wisniewski 9 (Eric Staal, Nick Foligno) at 11:39 (PP)
4. Kings , Michael Frolik 6 (Nail Yakupov, Vyacheslav Voynov) at 14:21 (PP)

Penalties :
Marc Staal (CAR) for Holding (Minor) at 1:57, James Wisniewski (CAR) for Hooking (Minor) at 2:06, Mike Richards (LOS) for Hooking (Minor) at 2:06, Marc Staal (CAR) for Checking from behind (Major / Game Misconduct) at 4:08, Nail Yakupov (LOS) for Interference (Minor) at 11:13, Steve Oleksy (CAR) for High sticking (Double Minor) at 12:06, Brian Boyle (CAR) for Tripping (Minor) at 17:41

2nd period

No Goal

Penalties :
Dustin Penner (LOS) for Hooking (Minor) at 7:37, Brian Boyle (CAR) for Holding (Minor) at 13:24, Ryan Smyth (LOS) for Roughing (Minor) at 16:32

3rd period

5. Kings , Tobias Enstrom 14 (Joe Corvo) at 4:00 (PP)

Penalties :
Blake Wheeler (CAR) for Slashing (Minor) at 0:47, Brian Boyle (CAR) for Hooking (Minor) at 3:12, Brian Boyle (CAR) for Tripping (Minor) at 8:07, Mike Richards (LOS) for Tripping (Minor) at 14:11, Brian Boyle (CAR) for Hooking (Minor) at 14:14, Matt Hendricks (LOS) for Hooking (Minor) at 16:26

Goalie Stats

Steve Mason (LOS), 24 saves from 26 shots - (0.923), W, 5-17-6, 60:00 minutes
Chad Johnson (CAR), 23 saves from 26 shots - (0.885), L, 6-7-0, 59:00 minutes

Players Stats for Kings

Player Name              G  A  P  +/- PIM S  H  SB GA TA FO     MP     PP MP  PK MP  
------------------------------------------------------------------------------------
Daniel Alfredsson        1  0  1  -1  0   3  1  0  0  0  0/0    21:27   9:06   1:57 
Dustin Penner            0  0  0   0  2   0  3  0  0  0  0/1     9:19   0:00   0:00 
Guillaume Latendresse    0  0  0   0  0   1  2  0  0  0  0/0    15:13   9:20   1:03 
Jamie McBain             0  0  0   0  0   1  0  1  0  0  0/0    12:22   2:03   0:00 
Joe Corvo                0  1  1   0  0   2  0  1  0  0  0/0    14:01   4:47   0:27 
Matt Hendricks           0  0  0   0  2   0  1  0  0  0  0/1     5:38   0:00   0:00 
Michael Frolik           1  0  1   0  0   1  2  0  0  0  1/3    22:11   7:07   1:56 
Michal Handzus           0  0  0   0  0   0  0  0  0  0  3/7     8:31   0:46   1:23 
Mikael Granlund          0  0  0   0  0   0  0  0  0  0  0/0     9:02   0:00   0:00 
Mike Richards            0  1  1   0  4   6  0  1  0  0  6/16   21:14   6:49   3:26 
Mikhail Grabovski        0  0  0   0  0   0  0  0  0  0  9/20   16:56   9:20   0:06 
Nail Yakupov             0  1  1   0  2   2  4  1  0  0  4/10   22:56   7:55   3:01 
Robyn Regehr             0  0  0   0  0   0  5  2  0  0  0/0    19:04   0:00   3:04 
Ryan Nugent-Hopkins      0  1  1  -1  0   1  1  0  0  0  7/18   17:50   7:26   0:00 
Ryan Smyth               0  0  0  -1  2   0  2  0  0  0  0/1     8:36   0:00   0:00 
Tobias Enstrom           1  0  1   0  0   5  0  1  0  0  0/0    24:15   7:21   2:20 
Tyler Myers              0  0  0  -1  0   2  1  1  0  0  0/0    16:20   0:00   3:22 
Vyacheslav Voynov        0  1  1  -1  0   2  1  2  0  0  0/0    24:38   8:49   3:39 

Players Stats for Hurricanes

Player Name              G  A  P  +/- PIM S  H  SB GA TA FO     MP     PP MP  PK MP  
------------------------------------------------------------------------------------
Blake Wheeler            0  1  1   1  2   4  1  0  0  0  1/3    16:31   3:44   0:45 
Brian Boyle              0  0  0   0  10  3  1  0  0  0  10/14  12:45   2:41   0:00 
Cal Clutterbuck          0  0  0   0  0   0  1  0  0  0  0/1    10:20   2:42   0:00 
Dale Weise               0  0  0   0  0   0  0  0  0  0  0/1     7:50   0:00   0:00 
Eric Staal               1  1  2   1  0   6  0  3  0  0  13/19  17:32   3:47   0:55 
Jack Hillen              0  1  1   1  0   2  0  1  0  0  0/0    13:54   1:24   4:20 
James Wisniewski         1  0  1   0  2   6  1  2  0  0  0/0    27:39   3:20   7:42 
Lennart Petrell          0  0  0   0  0   1  1  1  0  0  0/0    13:11   0:00   8:18 
Leo Komarov              0  0  0   0  0   0  2  1  0  0  7/14   15:56   0:00   8:18 
Marc Staal               0  0  0   0  17  0  0  0  0  0  0/0     0:51   0:00   0:00 
Marty Reasoner           0  0  0   0  0   0  0  0  0  0  12/19  15:04   0:00   7:52 
Maxim Lapierre           0  0  0   0  0   1  1  0  0  0  1/1     4:53   0:00   0:00 
Nick Foligno             0  1  1   0  0   0  0  0  0  0  2/2    13:52   3:44   0:00 
Nikolai Kulemin          0  0  0   1  0   1  1  0  0  0  1/3    19:47   0:00   8:57 
Rene Bourque             0  0  0   0  0   0  0  1  0  0  0/0    13:42   2:42   0:00 
Ryan Wilson              0  0  0   0  0   0  0  2  0  0  0/0    25:17   2:30   8:28 
Shane OBrien             0  0  0   1  0   1  7  2  0  0  0/0    24:40   3:05   7:20 
Steve Oleksy             0  0  0   0  4   1  3  1  0  0  0/0    24:11   2:30   7:14 

3 Stars

1 - Eric Staal (CAR)
2 - Michael Frolik (LOS)
3 - Shane OBrien (CAR)

Power Play

Kings - 3 on 10 Attempt(s) - 30.00%
Hurricanes - 1 on 5 Attempt(s) - 20.00%

Penalty Kill

Kings - 4 on 5 Attempt(s) - 80.00% - Score 0 goal in Penalty Kill
Hurricanes - 7 on 10 Attempt(s) - 70.00% - Score 0 goal in Penalty Kill

Official

Referees : Jean Hebert and Tim Peel
Linesman : Michel Cormier and Derek Amell

Game Notes

Marc Staal ejected from game at 4:08 of 1st period

Finance

Level 1 -- Attendance: 6000 (100.00%) -- Ticket Income $600,000
Level 2 -- Attendance: 5000 (100.00%) -- Ticket Income $325,000
Level 3 -- Attendance: 3500 (100.00%) -- Ticket Income $157,500
Level 4 -- Attendance: 2963 (91.73%) -- Ticket Income $80,001
Luxury Box -- Attendance: 1000 (100.00%) -- Ticket Income $200,000
Game was played at the PNC Arena
Total Attendance: 18463 (98.57%)
Total Ticket Income: $1,362,501
Other Income: $204,375
Total Income: $1,566,876


% Time on Ice - Kings

Lines # - Real PCT - Wanted PCT - Time Play
Normal Forward
1 - 31% - 35% - 10:11
2 - 26% - 30% - 8:37
3 - 28% - 20% - 9:02
4 - 15% - 15% - 4:50
Normal Defense
1 - 33% - 33% - 10:50
2 - 26% - 28% - 8:25
3 - 29% - 20% - 9:21
4 - 12% - 19% - 4:04
PP Forward
1 - 42% - 55% - 6:50
2 - 58% - 45% - 9:20
PP Defense
1 - 47% - 55% - 7:35
2 - 53% - 45% - 8:35
PK Forward
1 - 70% - 55% - 4:29
2 - 30% - 45% - 1:57
PK Defense
1 - 52% - 55% - 3:22
2 - 48% - 45% - 3:04
PK3 Forward
1 - 0% - 55%
2 - 0% - 45%
PK3 Defense
1 - 0% - 55%
2 - 0% - 45%
44 Forward
1 - 54% - 50% - 2:08
2 - 46% - 50% - 1:47
44 Defense
1 - 54% - 50% - 2:08
2 - 46% - 50% - 1:47
Last Minute Offensive  - 0:00
Last Minute Defensive  - 0:49
Total
Forward - 60:00
Defense - 60:00

% Time on Ice - Hurricanes

Lines # - Real PCT - Wanted PCT - Time Play
Normal Forward
1 - 31% - 39% - 10:01
2 - 31% - 35% - 10:08
3 - 23% - 15% - 7:38
4 - 15% - 11% - 4:53
Normal Defense
1 - 43% - 35% - 13:58
2 - 14% - 35% - 4:35
3 - 8% - 20% - 2:31
4 - 36% - 10% - 11:36
PP Forward
1 - 58% - 57% - 3:44
2 - 42% - 43% - 2:42
PP Defense
1 - 61% - 50% - 3:56
2 - 39% - 50% - 2:30
PK Forward
1 - 49% - 50% - 7:52
2 - 51% - 50% - 8:18
PK Defense
1 - 64% - 50% - 10:20
2 - 36% - 50% - 5:50
PK3 Forward
1 - 59% - 60% - 1:05
2 - 41% - 40% - 0:45
PK3 Defense
1 - 55% - 60% - 1:01
2 - 45% - 40% - 0:49
44 Forward
1 - 42% - 50% - 0:52
2 - 58% - 50% - 1:13
44 Defense
1 - 0% - 50% - 0:00
2 - 100% - 50% - 2:05
Last Minute Offensive  - 0:49
Last Minute Defensive  - 0:00
Total
Forward - 60:00
Defense - 60:00

Play by Play

1st period


0:01 of 1st period - Eric Staal wins face-off versus Mike Richards in neutral zone.
0:07 of 1st period - Mike Richards is hit by Steve Oleksy and loses puck.
0:10 of 1st period - Shot by Nail Yakupov.
0:10 of 1st period - Stopped by Chad Johnson without a rebound.
0:11 of 1st period - Brian Boyle wins face-off versus Ryan Nugent-Hopkins in Hurricanes zone.
0:30 of 1st period - Shot by Rene Bourque.
0:30 of 1st period - Shot Misses the Net.
0:34 of 1st period - Shot by James Wisniewski.
0:34 of 1st period - Stopped by Steve Mason with a rebound.
0:36 of 1st period - Shot by Ryan Wilson.
0:36 of 1st period - Shot Misses the Net.
0:38 of 1st period - Shot by Nick Foligno.
0:38 of 1st period - Shot Misses the Net.
1:27 of 1st period - Shot by Jack Hillen.
1:27 of 1st period - Stopped by Steve Mason without a rebound.
1:28 of 1st period - Mike Richards wins face-off versus Dale Weise in Kings zone.
1:43 of 1st period - Shot by Mike Richards.
1:43 of 1st period - Shot Blocked by Leo Komarov.
1:45 of 1st period - Shot by Mike Richards.
1:45 of 1st period - Stopped by Chad Johnson without a rebound.
1:46 of 1st period - Marty Reasoner wins face-off versus Michal Handzus in Hurricanes zone.
1:46 of 1st period - Marty Reasoner is hit by Matt Hendricks.
1:57 of 1st period - Minor Penalty to Marc Staal for Holding.
1:58 of 1st period - Leo Komarov wins face-off versus Ryan Nugent-Hopkins in Hurricanes zone.
1:58 of 1st period - James Wisniewski is hit by Nail Yakupov and loses puck.
2:05 of 1st period - Shot by Tobias Enstrom.
2:05 of 1st period - Stopped by Chad Johnson without a rebound.
2:06 of 1st period - Mike Richards wins face-off versus Marty Reasoner in Hurricanes zone.
2:06 of 1st period - Minor Penalty to James Wisniewski for Hooking.
2:06 of 1st period - Minor Penalty to Mike Richards for Hooking.
2:07 of 1st period - Nail Yakupov wins face-off versus Nikolai Kulemin in Hurricanes zone.
2:07 of 1st period - Robyn Regehr is hit by Shane OBrien and loses puck.
3:37 of 1st period - Shot by Ryan Nugent-Hopkins.
3:37 of 1st period - Stopped by Chad Johnson without a rebound.
3:38 of 1st period - Nikolai Kulemin wins face-off versus Dustin Penner in Hurricanes zone.
3:55 of 1st period - Shot by Tyler Myers.
3:55 of 1st period - Stopped by Chad Johnson without a rebound.
3:56 of 1st period - Ryan Nugent-Hopkins wins face-off versus Nikolai Kulemin in Hurricanes zone.
4:08 of 1st period - Major / Game Misconduct Penalty to Marc Staal for Checking from behind.
4:08 of 1st period - Marc Staal is ejected from game.
4:09 of 1st period - Ryan Nugent-Hopkins wins face-off versus Marty Reasoner in Hurricanes zone.
4:36 of 1st period - Shot by Ryan Nugent-Hopkins.
4:36 of 1st period - Deflect By Daniel Alfredsson.
4:36 of 1st period - Goal by Daniel Alfredsson - Kings : 1 - Hurricanes : 0.
4:37 of 1st period - Mikhail Grabovski wins face-off versus Leo Komarov in neutral zone.
5:12 of 1st period - Shot by Mikhail Grabovski.
5:12 of 1st period - Shot Misses the Net.
5:18 of 1st period - Guillaume Latendresse is hit by Nikolai Kulemin and loses puck.
6:10 of 1st period - Shot by Mike Richards.
6:10 of 1st period - Deflect By Ryan Nugent-Hopkins.
6:10 of 1st period - Shot Misses the Net.
6:12 of 1st period - Shot by Mike Richards.
6:12 of 1st period - Shot Blocked by Steve Oleksy.
6:14 of 1st period - Shot by Joe Corvo.
6:14 of 1st period - Stopped by Chad Johnson without a rebound.
6:15 of 1st period - Marty Reasoner wins face-off versus Mikhail Grabovski in Hurricanes zone.
6:26 of 1st period - Shot by Vyacheslav Voynov.
6:26 of 1st period - Stopped by Chad Johnson without a rebound.
6:27 of 1st period - Ryan Nugent-Hopkins wins face-off versus Marty Reasoner in Hurricanes zone.
7:00 of 1st period - Icing by Tobias Enstrom.
7:01 of 1st period - Mike Richards wins face-off versus Marty Reasoner in Kings zone.
7:35 of 1st period - Ryan Wilson is hit by Guillaume Latendresse.
8:27 of 1st period - Shot by Tobias Enstrom.
8:27 of 1st period - Shot Misses the Net.
8:29 of 1st period - Shot by Jamie McBain.
8:29 of 1st period - Shot Misses the Net.
8:35 of 1st period - Shot by Mike Richards.
8:35 of 1st period - Stopped by Chad Johnson with a rebound.
8:37 of 1st period - Shot by Jamie McBain.
8:37 of 1st period - Stopped by Chad Johnson without a rebound.
8:38 of 1st period - Mikhail Grabovski wins face-off versus Leo Komarov in Hurricanes zone.
8:59 of 1st period - Shot by Nail Yakupov.
8:59 of 1st period - Stopped by Chad Johnson without a rebound.
9:00 of 1st period - Leo Komarov wins face-off versus Ryan Nugent-Hopkins in Hurricanes zone.
9:09 of 1st period - James Wisniewski is hit by Dustin Penner and loses puck.
9:21 of 1st period - Shot by Brian Boyle.
9:21 of 1st period - Shot Misses the Net.
9:40 of 1st period - Rene Bourque is hit by Robyn Regehr.
10:06 of 1st period - Shot by Eric Staal.
10:06 of 1st period - Shot Misses the Net.
10:10 of 1st period - Shot by Eric Staal.
10:10 of 1st period - Goal by Eric Staal - Kings : 1 - Hurricanes : 1.
10:11 of 1st period - Michal Handzus wins face-off versus Cal Clutterbuck in neutral zone.
10:30 of 1st period - Joe Corvo is hit by Leo Komarov and loses puck.
11:13 of 1st period - Minor Penalty to Nail Yakupov for Interference.
11:14 of 1st period - Eric Staal wins face-off versus Mikhail Grabovski in Kings zone.
11:19 of 1st period - Shot by James Wisniewski.
11:19 of 1st period - Stopped by Steve Mason without a rebound.
11:20 of 1st period - Eric Staal wins face-off versus Michal Handzus in Kings zone.
11:21 of 1st period - Shot by Blake Wheeler.
11:21 of 1st period - Shot Blocked by Vyacheslav Voynov.
11:23 of 1st period - Shot by Blake Wheeler.
11:23 of 1st period - Shot Blocked by Mike Richards.
11:39 of 1st period - Shot by James Wisniewski.
11:39 of 1st period - Goal by James Wisniewski - Kings : 1 - Hurricanes : 2.
11:40 of 1st period - Ryan Nugent-Hopkins wins face-off versus Leo Komarov in neutral zone.
11:40 of 1st period - Ryan Nugent-Hopkins is hit by Leo Komarov.
12:06 of 1st period - Double Minor Penalty to Steve Oleksy for High sticking.
12:07 of 1st period - Marty Reasoner wins face-off versus Mikhail Grabovski in Hurricanes zone.
12:25 of 1st period - Michael Frolik is hit by Shane OBrien and loses puck.
13:26 of 1st period - Shot by Mike Richards.
13:26 of 1st period - Stopped by Chad Johnson without a rebound.
13:27 of 1st period - Leo Komarov wins face-off versus Ryan Nugent-Hopkins in Hurricanes zone.
13:53 of 1st period - Shot by Tobias Enstrom.
13:53 of 1st period - Stopped by Chad Johnson with a rebound.
13:55 of 1st period - Shot by Mike Richards.
13:55 of 1st period - Deflect By Joe Corvo.
13:55 of 1st period - Stopped by Chad Johnson with a rebound.
13:57 of 1st period - Shot by Daniel Alfredsson.
13:57 of 1st period - Shot Blocked by Lennart Petrell.
13:59 of 1st period - Shot by Daniel Alfredsson.
13:59 of 1st period - Shot Misses the Net.
14:01 of 1st period - Shot by Tobias Enstrom.
14:01 of 1st period - Shot Blocked by Eric Staal.
14:03 of 1st period - Shot by Tobias Enstrom.
14:03 of 1st period - Shot Misses the Net.
14:05 of 1st period - Shot by Tobias Enstrom.
14:05 of 1st period - Shot Misses the Net.
14:07 of 1st period - Shot by Ryan Nugent-Hopkins.
14:07 of 1st period - Shot Misses the Net.
14:19 of 1st period - Shot by Nail Yakupov.
14:19 of 1st period - Shot Blocked by Eric Staal.
14:21 of 1st period - Shot by Michael Frolik.
14:21 of 1st period - Goal by Michael Frolik - Kings : 2 - Hurricanes : 2.
14:22 of 1st period - Brian Boyle wins face-off versus Mikhail Grabovski in neutral zone.
14:55 of 1st period - Brian Boyle is hit by Dustin Penner and loses puck.
15:35 of 1st period - Shot by Nikolai Kulemin.
15:35 of 1st period - Shot Misses the Net.
15:37 of 1st period - Shot by Jack Hillen.
15:37 of 1st period - Shot Misses the Net.
15:39 of 1st period - Shot by Nikolai Kulemin.
15:39 of 1st period - Stopped by Steve Mason without a rebound.
15:40 of 1st period - Marty Reasoner wins face-off versus Michael Frolik in Kings zone.
16:12 of 1st period - Shot by Mike Richards.
16:12 of 1st period - Shot Misses the Net.
16:14 of 1st period - Shot by Mike Richards.
16:14 of 1st period - Stopped by Chad Johnson without a rebound.
16:15 of 1st period - Nick Foligno wins face-off versus Ryan Smyth in Hurricanes zone.
16:17 of 1st period - Brian Boyle is hit by Ryan Nugent-Hopkins and loses puck.
16:28 of 1st period - Shot by Ryan Nugent-Hopkins.
16:28 of 1st period - Shot Blocked by Shane OBrien.
16:32 of 1st period - Shot by Daniel Alfredsson.
16:32 of 1st period - Stopped by Chad Johnson without a rebound.
16:33 of 1st period - Eric Staal wins face-off versus Michal Handzus in Hurricanes zone.
16:44 of 1st period - Shot by Eric Staal.
16:44 of 1st period - Shot Blocked by Jamie McBain.
16:48 of 1st period - Shot by Eric Staal.
16:48 of 1st period - Shot Misses the Net.
16:50 of 1st period - Shot by Nikolai Kulemin.
16:50 of 1st period - Shot Blocked by Robyn Regehr.
16:54 of 1st period - Shot by Eric Staal.
16:54 of 1st period - Shot Misses the Net.
16:56 of 1st period - Shot by Blake Wheeler.
16:56 of 1st period - Stopped by Steve Mason without a rebound.
16:57 of 1st period - Brian Boyle wins face-off versus Mike Richards in Kings zone.
17:41 of 1st period - Minor Penalty to Brian Boyle for Tripping.
17:42 of 1st period - Mikhail Grabovski wins face-off versus Marty Reasoner in Hurricanes zone.
17:59 of 1st period - Shot by Tobias Enstrom.
17:59 of 1st period - Shot Blocked by James Wisniewski.
18:01 of 1st period - Shot by Michael Frolik.
18:01 of 1st period - Shot Misses the Net.
19:25 of 1st period - Shot by Tobias Enstrom.
19:25 of 1st period - Shot Hit the Post.
19:27 of 1st period - Shot by Tobias Enstrom.
19:27 of 1st period - Stopped by Chad Johnson with a rebound.
19:51 of 1st period - Dustin Penner is hit by Shane OBrien and loses puck.
Goals for this period are 2 for Kings vs 2 for Hurricanes.
Shots for this period are 18 for Kings vs 7 for Hurricanes.

2nd period


0:01 of 2nd period - Eric Staal wins face-off versus Mike Richards in neutral zone.
0:33 of 2nd period - Icing by Tyler Myers.
0:34 of 2nd period - Brian Boyle wins face-off versus Mike Richards in Kings zone.
0:35 of 2nd period - Shot by Nick Foligno.
0:35 of 2nd period - Deflect By Rene Bourque.
0:35 of 2nd period - Shot Misses the Net.
1:56 of 2nd period - Shot by Eric Staal.
1:56 of 2nd period - Shot Misses the Net.
1:58 of 2nd period - Shot by Blake Wheeler.
1:58 of 2nd period - Stopped by Steve Mason without a rebound.
1:59 of 2nd period - Mikhail Grabovski wins face-off versus Leo Komarov in Kings zone.
1:59 of 2nd period - Mikhail Grabovski is hit by Cal Clutterbuck.
3:44 of 2nd period - Icing by Robyn Regehr.
3:45 of 2nd period - Blake Wheeler wins face-off versus Mike Richards in Kings zone.
3:59 of 2nd period - Icing by Robyn Regehr.
4:00 of 2nd period - Mike Richards wins face-off versus Brian Boyle in Kings zone.
4:37 of 2nd period - Nick Foligno is hit by Robyn Regehr and loses puck.
4:52 of 2nd period - Brian Boyle is hit by Ryan Smyth.
4:53 of 2nd period - Icing by Brian Boyle.
4:54 of 2nd period - Brian Boyle wins face-off versus Ryan Nugent-Hopkins in Hurricanes zone.
5:06 of 2nd period - Icing by Tyler Myers.
5:07 of 2nd period - Ryan Nugent-Hopkins wins face-off versus Eric Staal in Kings zone.
7:01 of 2nd period - Shot by Mike Richards.
7:01 of 2nd period - Shot Misses the Net.
7:31 of 2nd period - Rene Bourque is hit by Robyn Regehr.
7:37 of 2nd period - Minor Penalty to Dustin Penner for Hooking.
7:38 of 2nd period - Eric Staal wins face-off versus Michal Handzus in Kings zone.
7:45 of 2nd period - Shot by Eric Staal.
7:45 of 2nd period - Shot Hit the Post.
8:49 of 2nd period - Shot by Rene Bourque.
8:49 of 2nd period - Shot Blocked by Joe Corvo.
9:19 of 2nd period - Shot by Shane OBrien.
9:19 of 2nd period - Shot Misses the Net.
9:41 of 2nd period - Shot by Mikael Granlund.
9:41 of 2nd period - Shot Blocked by Ryan Wilson.
9:47 of 2nd period - Shot by Lennart Petrell.
9:47 of 2nd period - Stopped by Steve Mason without a rebound.
9:48 of 2nd period - Ryan Nugent-Hopkins wins face-off versus Marty Reasoner in Kings zone.
9:48 of 2nd period - Ryan Nugent-Hopkins is hit by Maxim Lapierre.
9:55 of 2nd period - Off-side.
9:56 of 2nd period - Marty Reasoner wins face-off versus Mikhail Grabovski in neutral zone.
10:56 of 2nd period - Cal Clutterbuck is hit by Ryan Smyth and loses puck.
11:10 of 2nd period - Daniel Alfredsson is hit by Shane OBrien and loses puck.
11:21 of 2nd period - Shot by Daniel Alfredsson.
11:21 of 2nd period - Shot Hit the Post.
11:45 of 2nd period - Nail Yakupov is hit by Steve Oleksy.
12:07 of 2nd period - Shot by Eric Staal.
12:07 of 2nd period - Shot Misses the Net.
13:05 of 2nd period - Shot by Eric Staal.
13:05 of 2nd period - Stopped by Steve Mason without a rebound.
13:06 of 2nd period - Marty Reasoner wins face-off versus Ryan Nugent-Hopkins in Kings zone.
13:11 of 2nd period - Shot by Eric Staal.
13:11 of 2nd period - Stopped by Steve Mason with a rebound.
13:22 of 2nd period - Shot by Maxim Lapierre.
13:22 of 2nd period - Stopped by Steve Mason without a rebound.
13:23 of 2nd period - Michal Handzus wins face-off versus Brian Boyle in Kings zone.
13:23 of 2nd period - Michal Handzus is hit by Brian Boyle.
13:24 of 2nd period - Minor Penalty to Brian Boyle for Holding.
13:25 of 2nd period - Marty Reasoner wins face-off versus Mikhail Grabovski in Hurricanes zone.
13:36 of 2nd period - Shot by Vyacheslav Voynov.
13:36 of 2nd period - Shot Misses the Net.
13:38 of 2nd period - Shot by Guillaume Latendresse.
13:38 of 2nd period - Stopped by Chad Johnson without a rebound.
13:39 of 2nd period - Mikhail Grabovski wins face-off versus Marty Reasoner in Hurricanes zone.
14:38 of 2nd period - Shot by Nail Yakupov.
14:38 of 2nd period - Shot Blocked by Ryan Wilson.
14:40 of 2nd period - Shot by Mike Richards.
14:40 of 2nd period - Stopped by Chad Johnson without a rebound.
14:41 of 2nd period - Marty Reasoner wins face-off versus Mikhail Grabovski in Hurricanes zone.
14:58 of 2nd period - Icing by Michael Frolik.
14:59 of 2nd period - Marty Reasoner wins face-off versus Mikhail Grabovski in Kings zone.
15:08 of 2nd period - Nikolai Kulemin is hit by Guillaume Latendresse and loses puck.
15:36 of 2nd period - Steve Oleksy is hit by Robyn Regehr and loses puck.
15:45 of 2nd period - Daniel Alfredsson is hit by Shane OBrien and loses puck.
16:32 of 2nd period - Minor Penalty to Ryan Smyth for Roughing.
16:33 of 2nd period - Brian Boyle wins face-off versus Nail Yakupov in Kings zone.
16:38 of 2nd period - Shot by James Wisniewski.
16:38 of 2nd period - Shot Blocked by Nail Yakupov.
16:40 of 2nd period - Shot by James Wisniewski.
16:40 of 2nd period - Stopped by Steve Mason without a rebound.
16:41 of 2nd period - Eric Staal wins face-off versus Nail Yakupov in Kings zone.
16:49 of 2nd period - Nick Foligno is hit by Tyler Myers.
17:11 of 2nd period - Shot by Eric Staal.
17:11 of 2nd period - Stopped by Steve Mason without a rebound.
17:12 of 2nd period - Brian Boyle wins face-off versus Nail Yakupov in Kings zone.
17:13 of 2nd period - Shot by Cal Clutterbuck.
17:13 of 2nd period - Shot Blocked by Robyn Regehr.
17:15 of 2nd period - Shot by Cal Clutterbuck.
17:15 of 2nd period - Deflect By Brian Boyle.
17:15 of 2nd period - Shot Hit the Post.
17:17 of 2nd period - Shot by Shane OBrien.
17:17 of 2nd period - Shot Misses the Net.
17:19 of 2nd period - Shot by Shane OBrien.
17:19 of 2nd period - Shot Misses the Net.
17:21 of 2nd period - Shot by Shane OBrien.
17:21 of 2nd period - Stopped by Steve Mason without a rebound.
17:22 of 2nd period - Brian Boyle wins face-off versus Michael Frolik in Kings zone.
17:25 of 2nd period - Shot by Cal Clutterbuck.
17:25 of 2nd period - Shot Blocked by Tyler Myers.
17:27 of 2nd period - Shot by Cal Clutterbuck.
17:27 of 2nd period - Shot Misses the Net.
17:29 of 2nd period - Shot by Cal Clutterbuck.
17:29 of 2nd period - Shot Blocked by Vyacheslav Voynov.
17:31 of 2nd period - Shot by Brian Boyle.
17:31 of 2nd period - Shot Misses the Net.
17:37 of 2nd period - Shot by Brian Boyle.
17:37 of 2nd period - Stopped by Steve Mason with a rebound.
17:39 of 2nd period - Shot by Brian Boyle.
17:39 of 2nd period - Stopped by Steve Mason without a rebound.
17:40 of 2nd period - Nail Yakupov wins face-off versus Eric Staal in Kings zone.
17:40 of 2nd period - Nail Yakupov is hit by Blake Wheeler.
18:34 of 2nd period - Vyacheslav Voynov is hit by Lennart Petrell and loses puck.
18:43 of 2nd period - Shot by Lennart Petrell.
18:43 of 2nd period - Shot Misses the Net.
19:11 of 2nd period - Ryan Wilson is hit by Dustin Penner and loses puck.
19:29 of 2nd period - Icing by Ryan Wilson.
19:30 of 2nd period - Marty Reasoner wins face-off versus Mike Richards in Hurricanes zone.
19:30 of 2nd period - Marty Reasoner is hit by Michael Frolik.
19:45 of 2nd period - Off-side.
19:46 of 2nd period - Eric Staal wins face-off versus Ryan Nugent-Hopkins in neutral zone.
19:57 of 2nd period - Shot by Nikolai Kulemin.
19:57 of 2nd period - Shot Blocked by Tobias Enstrom.
19:59 of 2nd period - Shot by Blake Wheeler.
19:59 of 2nd period - Shot Misses the Net.
Goals for this period are 0 for Kings vs 0 for Hurricanes.
Shots for this period are 2 for Kings vs 10 for Hurricanes.

3rd period


0:01 of 3rd period - Mike Richards wins face-off versus Eric Staal in neutral zone.
0:05 of 3rd period - Nail Yakupov is hit by James Wisniewski and loses puck.
0:47 of 3rd period - Minor Penalty to Blake Wheeler for Slashing.
0:48 of 3rd period - Mikhail Grabovski wins face-off versus Leo Komarov in Hurricanes zone.
0:53 of 3rd period - Shot by Tobias Enstrom.
0:53 of 3rd period - Stopped by Chad Johnson without a rebound.
0:54 of 3rd period - Mikhail Grabovski wins face-off versus Leo Komarov in Hurricanes zone.
0:55 of 3rd period - Shot by Vyacheslav Voynov.
0:55 of 3rd period - Stopped by Chad Johnson without a rebound.
0:56 of 3rd period - Leo Komarov wins face-off versus Mikhail Grabovski in Hurricanes zone.
1:21 of 3rd period - Shot by Guillaume Latendresse.
1:21 of 3rd period - Shot Misses the Net.
2:05 of 3rd period - Shot by Vyacheslav Voynov.
2:05 of 3rd period - Shot Misses the Net.
2:58 of 3rd period - Steve Oleksy is hit by Robyn Regehr and loses puck.
3:12 of 3rd period - Minor Penalty to Brian Boyle for Hooking.
3:13 of 3rd period - Ryan Nugent-Hopkins wins face-off versus Leo Komarov in Hurricanes zone.
3:22 of 3rd period - Shot by Mike Richards.
3:22 of 3rd period - Shot Blocked by Jack Hillen.
4:00 of 3rd period - Shot by Tobias Enstrom.
4:00 of 3rd period - Goal by Tobias Enstrom - Kings : 3 - Hurricanes : 2.
4:01 of 3rd period - Mikhail Grabovski wins face-off versus Brian Boyle in neutral zone.
4:42 of 3rd period - Icing by Mikhail Grabovski.
4:43 of 3rd period - Eric Staal wins face-off versus Mikhail Grabovski in Kings zone.
5:43 of 3rd period - Icing by James Wisniewski.
5:44 of 3rd period - Leo Komarov wins face-off versus Mike Richards in Hurricanes zone.
5:44 of 3rd period - James Wisniewski is hit by Nail Yakupov and loses puck.
5:56 of 3rd period - Cal Clutterbuck is hit by Nail Yakupov and loses puck.
6:09 of 3rd period - Shot by Nail Yakupov.
6:09 of 3rd period - Deflect By Mike Richards.
6:09 of 3rd period - Shot Hit the Post.
6:11 of 3rd period - Shot by Mike Richards.
6:11 of 3rd period - Shot Misses the Net.
6:18 of 3rd period - Icing by Leo Komarov.
6:19 of 3rd period - Leo Komarov wins face-off versus Ryan Nugent-Hopkins in Hurricanes zone.
6:46 of 3rd period - Shot by Blake Wheeler.
6:46 of 3rd period - Stopped by Steve Mason without a rebound.
6:47 of 3rd period - Michal Handzus wins face-off versus Eric Staal in Kings zone.
7:28 of 3rd period - Shot by Steve Oleksy.
7:28 of 3rd period - Stopped by Steve Mason without a rebound.
7:29 of 3rd period - Nick Foligno wins face-off versus Mike Richards in Kings zone.
7:32 of 3rd period - Shot by Jack Hillen.
7:32 of 3rd period - Stopped by Steve Mason with a rebound.
8:07 of 3rd period - Minor Penalty to Brian Boyle for Tripping.
8:08 of 3rd period - Leo Komarov wins face-off versus Mikhail Grabovski in Hurricanes zone.
10:17 of 3rd period - Shot by Michal Handzus.
10:17 of 3rd period - Shot Blocked by Rene Bourque.
10:31 of 3rd period - Shot by Dustin Penner.
10:31 of 3rd period - Shot Blocked by Eric Staal.
11:07 of 3rd period - James Wisniewski is hit by Daniel Alfredsson and loses puck.
11:17 of 3rd period - Ryan Nugent-Hopkins is hit by Shane OBrien and loses puck.
11:23 of 3rd period - Shot by Ryan Nugent-Hopkins.
11:23 of 3rd period - Deflect By Daniel Alfredsson.
11:23 of 3rd period - Stopped by Chad Johnson without a rebound.
11:24 of 3rd period - Maxim Lapierre wins face-off versus Mike Richards in Hurricanes zone.
11:46 of 3rd period - Shot by Nail Yakupov.
11:46 of 3rd period - Shot Misses the Net.
11:54 of 3rd period - Shot by Mike Richards.
11:54 of 3rd period - Stopped by Chad Johnson with a rebound.
11:56 of 3rd period - Shot by Tyler Myers.
11:56 of 3rd period - Stopped by Chad Johnson with a rebound.
11:58 of 3rd period - Shot by Mike Richards.
11:58 of 3rd period - Shot Misses the Net.
12:32 of 3rd period - Shot by Guillaume Latendresse.
12:32 of 3rd period - Shot Misses the Net.
12:34 of 3rd period - Shot by Michal Handzus.
12:34 of 3rd period - Shot Misses the Net.
12:36 of 3rd period - Shot by Guillaume Latendresse.
12:36 of 3rd period - Shot Misses the Net.
13:09 of 3rd period - Shot by Mikhail Grabovski.
13:09 of 3rd period - Shot Blocked by Shane OBrien.
13:40 of 3rd period - Tyler Myers is hit by Steve Oleksy and loses puck.
14:11 of 3rd period - Minor Penalty to Mike Richards for Tripping.
14:12 of 3rd period - Brian Boyle wins face-off versus Nail Yakupov in Kings zone.
14:13 of 3rd period - Shot by Eric Staal.
14:13 of 3rd period - Shot Misses the Net.
14:14 of 3rd period - Minor Penalty to Brian Boyle for Hooking.
14:15 of 3rd period - Nail Yakupov wins face-off versus Blake Wheeler in Hurricanes zone.
14:37 of 3rd period - Icing by Jack Hillen.
14:38 of 3rd period - Marty Reasoner wins face-off versus Ryan Nugent-Hopkins in Hurricanes zone.
15:10 of 3rd period - Icing by Jack Hillen.
15:11 of 3rd period - Marty Reasoner wins face-off versus Nail Yakupov in Hurricanes zone.
15:11 of 3rd period - Marty Reasoner is hit by Nail Yakupov.
15:18 of 3rd period - Jack Hillen is hit by Michael Frolik and loses puck.
15:46 of 3rd period - Icing by James Wisniewski.
15:47 of 3rd period - Eric Staal wins face-off versus Ryan Nugent-Hopkins in Hurricanes zone.
15:49 of 3rd period - Icing by Steve Oleksy.
15:50 of 3rd period - Eric Staal wins face-off versus Ryan Nugent-Hopkins in Hurricanes zone.
16:26 of 3rd period - Minor Penalty to Matt Hendricks for Hooking.
16:27 of 3rd period - Brian Boyle wins face-off versus Nail Yakupov in Kings zone.
16:36 of 3rd period - Shot by Brian Boyle.
16:36 of 3rd period - Stopped by Steve Mason without a rebound.
16:37 of 3rd period - Nail Yakupov wins face-off versus Blake Wheeler in Kings zone.
16:58 of 3rd period - Shot by Blake Wheeler.
16:58 of 3rd period - Stopped by Steve Mason with a rebound.
17:09 of 3rd period - Shot by Eric Staal.
17:09 of 3rd period - Stopped by Steve Mason without a rebound.
17:10 of 3rd period - Michael Frolik wins face-off versus Brian Boyle in Kings zone.
17:52 of 3rd period - Cal Clutterbuck is hit by Vyacheslav Voynov and loses puck.
18:38 of 3rd period - Tobias Enstrom is hit by Shane OBrien and loses puck.
18:46 of 3rd period - Off-side.
18:47 of 3rd period - Mikhail Grabovski wins face-off versus Eric Staal in neutral zone.
19:00 of 3rd period - Hurricanes, Chad Johnson is pulled from the net.
19:10 of 3rd period - Shot by Eric Staal.
19:10 of 3rd period - Stopped by Steve Mason without a rebound.
19:11 of 3rd period - Eric Staal wins face-off versus Mike Richards in Kings zone.
19:12 of 3rd period - Shot by James Wisniewski.
19:12 of 3rd period - Stopped by Steve Mason without a rebound.
19:13 of 3rd period - Eric Staal wins face-off versus Matt Hendricks in Kings zone.
19:31 of 3rd period - Shot by Michael Frolik.
19:31 of 3rd period - Deflect By Mike Richards.
19:31 of 3rd period - Shot Blocked by James Wisniewski.
19:56 of 3rd period - Shot by James Wisniewski.
19:56 of 3rd period - Stopped by Steve Mason without a rebound.
19:57 of 3rd period - Mike Richards wins face-off versus Eric Staal in Kings zone.
Goals for this period are 1 for Kings vs 0 for Hurricanes.
Shots for this period are 6 for Kings vs 9 for Hurricanes.


Output by the SimonT Hockey Simulator (STHS) for Stephane Roy -- Original Page W3C XHTML 1.0 Valid
Hockey Simulator - Hockey Simulation - Hockey Manager